 Dungeon Crawl Stone Soup version 0.17-a0-2122-g03d97ec (webtiles) character file.

151 brucemayne the Chopper (level 5, -1/61 HPs)
             Began as a Demonspawn Berserker on Oct 21, 2015.
             Was a Follower of Trog.
             Succumbed to a gnoll sergeant's poison
             ... on level 5 of the Dungeon.
             The game lasted 00:01:49 (372 turns).

brucemayne the Chopper (Demonspawn Berserker)        Turns: 372, Time: 00:01:49

Health: -1/61      AC:  2    Str: 23    XL:     5   Next: 10%
Magic:  5/5        EV: 12    Int:  8    God:    Trog [*.....]
Gold:   51         SH:  0    Dex: 13    Spells: 0 memorised, 4 levels left

rFire  . . .     SeeInvis .     a - +0 hand axe
rCold  + . .     Clarity  .     b - +0 animal skin
rNeg   + . .     SustAt   .     (no shield)
rPois  .         Gourm    .     (no helmet)
rElec  .         Spirit   .     (no cloak)
rCorr  .         Warding  +     (no gloves)
rMut   .         Stasis   .     (no boots)
MR     .....                    h - amulet of warding
Stlth  ..........               (no ring)
                                (no ring)

@: berserking, lethally poisoned (-1 -> -36), very quick, not resistant to
hostile enchantments, extremely unstealthy
A: claws 1, cold resistance 1, nightstalker 1
a: Berserk, Burn Spellbooks, Renounce Religion


You were on level 5 of the Dungeon.
You worshipped Trog.
Trog was aware of your devotion.
You were hungry.

You visited 1 branch of the dungeon, and saw 5 of its levels.

You collected 51 gold pieces.

Inventory:

Hand Weapons
 a - a +0 hand axe (weapon)
Armour
 b - a +0 animal skin (worn)
Jewellery
 h - an amulet of warding (around neck)
Scrolls
 e - a scroll of magic mapping {unknown}
 g - a scroll of remove curse {unknown}
 i - a scroll of enchant armour {unknown}
 j - a scroll of teleportation {unknown}
 k - a scroll of recharging {unknown}
 l - a scroll of identify {unknown}
Potions
 f - a potion of ambrosia {unknown}
Comestibles
 c - 3 bread rations
 d - 4 chunks of flesh


   Skills:
 - Level 3.0 Fighting
 + Level 5.3 Axes
 - Level 1.7 Armour
 - Level 1.7 Dodging


You had 4 spell levels left.
You didn't know any spells.

Dungeon Overview and Level Annotations

Branches:
Dungeon (5/15)
 Temple: D:4-7

Altars:

Annotations:
D:5 Dowan, Duvessa


Innate Abilities, Weirdness & Mutations

You have sharp fingernails.
Your flesh is cold resistant.
You are slightly more attuned to the shadows.


Message History

You feel sick.
The gnoll sergeant hits you with a spear of venom.
* * * LOW HITPOINT WARNING * * *
You are lethally poisoned!
You closely miss the gnoll sergeant.
The gnoll sergeant is heavily wounded.
You barely miss the gnoll.
The gnoll is moderately wounded.
* * * LOW HITPOINT WARNING * * *
You feel sick. The gnoll hits you with a club.
* * * LOW HITPOINT WARNING * * *
The gnoll barely misses you.
The gnoll sergeant hits you with a spear of venom!
* * * LOW HITPOINT WARNING * * *
You are more poisoned.
You slash the gnoll sergeant!
The gnoll sergeant is severely wounded.
You hit the gnoll.
The gnoll is severely wounded.
You die...

#...# ##...# #....#
##....# #.....#
#### #<....# #..##
#.....# ##...#
#.g...# #....##
#..@#.###.....#
#..g..##.(....#
#.ggg.##...%..#
###g...........#
####.g..###.......#
#####......##
#.......#
##........###
#......##
.........##
##.....# ........##
##...##


You could see a gnoll sergeant and 6 gnolls.

Vanquished Creatures
  3 orc priests
  An orc wizard (D:4)
  An ooze (D:3)
  An adder skeleton (D:4)
  A giant gecko (D:1)
  4 orcs
  A bat (D:1)
  A giant cockroach (D:2)
  A hobgoblin (D:1)
  A kobold (D:2)
  A quokka (D:5)
  A giant newt (D:5)
  A rat (D:3)
18 creatures vanquished.

Notes
Turn   | Place    | Note
--------------------------------------------------------------
     0 | D:1      | brucemayne the Demonspawn Berserker began the quest for the Orb.
     0 | D:1      | Reached XP level 1. HP: 18/18 MP: 1/1
   111 | D:3      | Noticed an orc priest
   113 | D:3      | Noticed an orc priest
   117 | D:3      | Killed an orc priest
   117 | D:3      | Reached skill level 4 in Axes
   117 | D:3      | Gained mutation: You are slightly more attuned to the shadows. [demonic ancestry]
   117 | D:3      | Reached XP level 2. HP: 24/24 MP: 2/2
   117 | D:3      | Gained mutation: Your flesh is cold resistant. [demonic ancestry]
   117 | D:3      | Reached XP level 3. HP: 29/29 MP: 3/3
   121 | D:3      | Killed an orc priest
   121 | D:3      | Gained mutation: You have sharp fingernails. [demonic ancestry]
   121 | D:3      | Reached XP level 4. HP: 35/35 MP: 4/4
   179 | D:4      | Reached skill level 5 in Axes
   187 | D:4      | Reached XP level 5. HP: 41/41 MP: 5/5
   267 | D:5      | Entered Level 5 of the Dungeon
   282 | D:5      | Noticed Dowan
   288 | D:5      | Noticed Duvessa
   371 | D:5      | HP: 1/61 [gnoll sergeant/spear of venom (10)]
   372 | D:5      | Succumbed to a gnoll sergeant's poison

Vault maps used:
D:1:      onia_arrival_pentagram
D:2:      first_bread, minmay_stone_trees_large, uniq_terence
D:4:      led_xom_imps, uniq_pikel, uniq_blork_the_orc
D:5:      uniq_duvessa

Action                   |  1- 3 |  4- 6 || total
-------------------------+-------+-------++-------
Melee: Hand axe          |    33 |    39 ||    72
Invok: Berserk           |     1 |     2 ||     3
 Stab: Sleeping          |       |     1 ||     1
